 Dungeon Crawl Stone Soup version 0.29.1-12-g30fa7ad0bf (webtiles) character file.

Game seed: 12457642374331008196

430 booth the Gusty (level 6, 0/45 (47) HPs)
             Began as a Draconian Air Elementalist on Jan 11, 2023.
             Was a Follower of Wu Jian.
             Slain by Duvessa
             ... wielding a +0 short sword
              (9 damage)
             ... on level 4 of the Dungeon.
             The game lasted 00:42:53 (5452 turns).

booth the Gusty (Draconian Air Elementalist)        Turns: 5452, Time: 00:42:54

HP:   0/45 (47)     AC:  9    Str: 11    XL:     6   Next: 66%
MP:   6/11          EV: 12    Int: 17    God:    Wu Jian [*.....]
Gold: 118           SH:  0    Dex: 11    Spells: 2/12 levels left

rFire   . . .      SeeInvis .   k - +0 hammer
rCold   . . .      Faith    .   (no shield)
rNeg    . . .      Spirit   .   (body armour unavailable)
rPois   .          Reflect  .   b - +2 hat
rElec   .          Harm     .   j - +0 cloak
rCorr   .          Rampage  .   (no gloves)
Will    .....      Clarity  +   (no boots)
Stlth   ++........              (no amulet)
HPRegen 0.15/turn               (no ring)
MPRegen 0.12/turn               (no ring)

@: lightly drained
A: AC +6, unfitting armour, cold-blooded, clarity, screaming 1, MP-powered wands
a: Renounce Religion


You were on level 4 of the Dungeon.
You worshipped Wu Jian.
Wu Jian was aware of your devotion.
You visited 1 branch of the dungeon, and saw 5 of its levels.

You collected 118 gold pieces.

Inventory:

Hand Weapons
 k - a +0 hammer (weapon)
 p - a +0 flail
 q - a +0 war axe
Missiles
 e - 25 stones
 v - a boomerang
Armour
 b - a +2 hat (worn)
 j - a +0 cloak (worn)
Jewellery
 m - an amulet of the acrobat
Scrolls
 l - 2 scrolls of blinking {unknown}
 o - 2 scrolls of teleportation {unknown}
 t - a scroll of enchant weapon {unknown}
Potions
 a - a potion of magic
 c - 2 potions of curing
 d - a potion of haste
 g - a potion of brilliance
 h - a potion of flight {unknown}
 i - a potion of berserk rage {unknown}
 n - a potion of degeneration {unknown}
 r - a potion of cancellation {unknown}
 s - a potion of attraction {unknown}
 u - a potion of lignification {unknown}


   Skills:
 + Level 1.2 Fighting
 + Level 2.1 Maces & Flails
 + Level 2.7 Dodging
 + Level 2.7 Stealth
 + Level 3.5 Spellcasting
 + Level 2.8 Conjurations
 + Level 4.3 Air Magic


You had 2 spell levels left.
You knew the following spells:

 Your Spells              Type           Power      Damage    Failure   Level
a - Shock                 Conj/Air       60%        1d6       3%          1
b - Static Discharge      Conj/Air       15%        3-5/arc   5%          2
c - Swiftness             Air            17%        N/A       9%          3
d - Airstrike             Air            8%         2d(2-18)  26%         4

Your spell library contained the following spells:

 Spells                   Type           Power      Damage    Failure   Level
 Gell's Gravitas          Tloc           2%         N/A       45%         3
 Lesser Beckoning         Tloc           2%         N/A       45%         3
 Teleport Other           Tloc           2%         N/A       45%         3


Dungeon Overview and Level Annotations

Branches:
Dungeon (5/15)             Temple (0/1) D:5

Altars:
Uskayaw
Wu Jian
The Shining One

Shops:
D:3 =

Annotations:
D:2 Natasha
D:4 Dowan, Duvessa, Edmund


Innate Abilities, Weirdness & Mutations

Your plain brown scales are hard. (AC +6)
You cannot fit into any form of body armour.
You are cold-blooded and may be slowed by cold attacks.
You possess an exceptional clarity of mind.
You occasionally shout uncontrollably at your foes.
You expend magic power (3 MP) to strengthen your wands.


Message History

Duvessa hits you with a +0 short sword. Duvessa hits you with a +0 short sword!
Okay, then.
Casting: Shock (safe; 3% risk of failure)
Confirm with . or Enter, or press ? or * to list all spells.
Duvessa is struck by an arc of lightning.
Duvessa is heavily wounded.
You are struck by an arc of lightning.
The lightning grounds out.
Dowan is struck by an arc of lightning.
Dowan is moderately wounded.
You are struck by an arc of lightning.
* * * LOW HITPOINT WARNING * * *
Dowan is struck by an arc of lightning.
Dowan is heavily wounded.
The lightning grounds out.
Dowan hits you with a +0 dagger.
* * * LOW HITPOINT WARNING * * *
Duvessa hits you but does no damage.
You feel much better. Duvessa hits you with a +0 short sword.
Dowan gestures wildly while chanting.
Dowan blinks!
Duvessa hits you with a +0 short sword.
You hit Duvessa but do no damage.
Your tail-slap misses Duvessa.
Duvessa is heavily wounded.
Duvessa hits you with a +0 short sword. Duvessa misses you.
You hit Duvessa.
Duvessa is heavily wounded.
Duvessa hits you with a +0 short sword. Duvessa hits you but does no damage.
You hit Duvessa but do no damage.
Your tail-slap misses Duvessa.
Duvessa is heavily wounded.
Duvessa closely misses you.
Dowan gestures wildly while chanting.
Dowan blinks!
Duvessa hits you with a +0 short sword.
* * * LOW HITPOINT WARNING * * *
You hit Duvessa.
Duvessa is severely wounded.
Dowan mumbles some strange words.
Dowan blinks!
Duvessa hits you with a +0 short sword.
* * * LOW HITPOINT WARNING * * *
Duvessa hits you with a +0 short sword.
* * * LOW HITPOINT WARNING * * *
You feel better. Duvessa hits you with a +0 short sword!
You die...

#........# #........#
#........# #........#
#........# #........# .
#########........##########!.
...........#######..#........
...........#....@.§)#........
...........#....e............
...........#..§.####e'####...
...........'...## .....
...........#..## .....
...........#.## ......
...........### ......
...........# .....####### ..


You could see Duvessa (fast) and Dowan.

Vanquished Creatures
  A necrophage (D:4)
  A scorpion (D:5)
  A hound (D:4)
  Crazy Yiuf (D:2)
  Natasha (twice) (D:2)
  Terence (D:2)
  7 gnolls (D:2)
  3 adders
  A white imp (D:3)
  A worm (D:2)
  A dart slug (D:1)
  8 orcs
  6 bats
  An endoplasm (D:2)
  A giant cockroach (D:4)
  7 goblins
  8 hobgoblins
  4 jackals (D:1)
  3 quokkas
  6 ball pythons
  A frilled lizard (D:2)
  8 kobolds
  2 rats
75 creatures vanquished.

Vanquished Creatures (others)
  3 fungi (D:2)
  A plant (D:3)
  3 withered plants (D:3)
7 creatures vanquished.

Grand Total: 82 creatures vanquished

Notes
Turn   | Place    | Note
-------+----------+-------------------------------------------
     0 | D:1      | booth the Draconian Air Elementalist began the quest for
                  | the Orb.
     0 | D:1      | Reached XP level 1. HP: 14/14 MP: 3/3
   242 | D:1      | Reached XP level 2. HP: 20/20 MP: 3/5
  1050 | D:2      | Noticed Terence
  1125 | D:2      | Gained mutation: You do not regenerate when monsters are
                  | visible. [potion of mutation]
  1125 | D:2      | Gained mutation: You have sharp toenails. [potion of
                  | mutation]
  1125 | D:2      | Gained mutation: You have a pair of small antennae on your
                  | head. [potion of mutation]
  1127 | D:2      | Killed Terence
  1128 | D:2      | Reached XP level 3. HP: 9/26 MP: 0/6
  1351 | D:2      | Lost mutation: You do not regenerate when monsters are
                  | visible. [potion of mutation]
  1351 | D:2      | Lost mutation: You have sharp toenails. [potion of
                  | mutation]
  1351 | D:2      | Lost mutation: You have a pair of small antennae on your
                  | head. [potion of mutation]
  1351 | D:2      | Gained mutation: You possess an exceptional clarity of
                  | mind. [potion of mutation]
  1351 | D:2      | Gained mutation: You occasionally shout uncontrollably at
                  | your foes. [potion of mutation]
  1351 | D:2      | Gained mutation: You expend magic power (3 MP) to
                  | strengthen your wands. [potion of mutation]
  1392 | D:2      | Learned a level 2 spell: Static Discharge
  1396 | D:2      | Learned a level 3 spell: Swiftness
  1558 | D:2      | Reached XP level 4. HP: 33/33 MP: 2/8
  1939 | D:2      | Reached skill level 1 in Maces & Flails
  2347 | D:2      | Reached XP level 5. HP: 38/38 MP: 6/9
  2379 | D:2      | Noticed Natasha
  2394 | D:2      | Killed Natasha
  2467 | D:2      | Noticed Natasha
  2477 | D:2      | Killed Natasha
  2478 | D:2      | Reached skill level 4 in Air Magic
  2554 | D:2      | Found a runed translucent door.
  2555 | D:2      | Noticed Crazy Yiuf
  2771 | D:2      | Noticed Natasha
  2987 | D:2      | Learned a level 4 spell: Airstrike
  2993 | D:2      | Killed Crazy Yiuf
  3460 | D:3      | Found an ornate altar of the Wu Jian Council.
  3477 | D:3      | Noticed a spectral centipede
  3477 | D:3      | Noticed a spectral black mamba
  3477 | D:3      | Noticed a spectral cane toad
  3483 | D:3      | Became a worshipper of the Wu Jian Council
  3610 | D:3      | You fall into a shaft and drop 2 floors!
  3610 | D:5      | Entered Level 5 of the Dungeon
  3612 | D:5      | Found a staircase to the Ecumenical Temple.
  3630 | D:5      | Reached XP level 6. HP: 33/46 MP: 6/11
  3852 | D:3      | Found a faded altar of an unknown god.
  4378 | D:3      | Found Woyhipt's Jewellery Boutique.
  4760 | D:4      | Found a hide-covered altar of Uskayaw.
  4921 | D:4      | Reached skill level 1 in Fighting
  4943 | D:4      | Found a glowing golden altar of the Shining One.
  5028 | D:4      | Reached * piety under Wu Jian
  5319 | D:4      | Noticed Edmund
  5430 | D:4      | Noticed Duvessa
  5438 | D:4      | Noticed Dowan
  5452 | D:4      | Slain by Duvessa

Illustrated notes

Levels and vault maps discovered:
D:1:      heliophobic_arrival_battle_scene, layout_loops_ring, minmay_surrounded
D:2:      layout_loops_ring, uniq_crazy_yiuf_cottage, uniq_terence, uniq_natasha
D:3:      layout_loops_ring, pdpol_wu_jian_five_deadly_venoms,
          shapermc_ecumenical_altar_flowoftime, serial_shops, shop_statue,
          wad_orctagon
D:4:      layout_gridville, kennysheep_little_box,
          eat_drink_and_be_merry_uskayaw, minmay_misc_feat_enclosed,
          kennysheep_cross_room, uniq_edmund, uniq_duvessa
D:5:      layout_basic, minmay_temple_entry_mini_moons, serial_curves,
          eino_curves_04, eino_curves_03, serial_shops, shop,
          gammafunk_ghost_smash, nicolae_ossuary_entry_plus,
          minmay_divided_ellipse

Skill      XL: |  1  2  3  4  5  6 |
---------------+-------------------+-----
Dodging        | 2 |  2.7
Stealth        | 2 |  2.7
Maces & Flails | 1 2 |  2.1
Conjurations   | 2 |  2.8
Spellcasting   | 3 |  3.5
Air Magic      | 4 |  4.3
Fighting       | 1 |  1.2

Action                   |  1- 3 |  4- 6 || total
-------------------------+-------+-------++-------
Melee: Whip              |    18 |    34 ||    52
       Tailslap          |     6 |    11 ||    17
       Mace              |       |    77 ||    77
Throw: Stone             |     2 |     1 ||     3
 Cast: Shock             |    42 |    78 ||   120
       Swiftness         |       |     1 ||     1
       Static Discharge  |       |     2 ||     2
Invok: Lunge             |       |     2 ||     2
  Use: Potion            |     2 |     3 ||     5
       Scroll            |     1 |     4 ||     5
 Stab: Sleeping          |       |     4 ||     4
Armor: Skin              |    10 |    55 ||    65
Dodge: Dodged            |    24 |    82 ||   106
